 Dungeon Crawl Stone Soup version 0.23.1 (webtiles) character file.

Game seed: 0

158 LLavrengius the Vexing (level 5, -1/35 HPs)
             Began as a Vampire Enchanter on Mar 3, 2019.
             Slain by Sigmund
             ... wielding a +4 scythe of flaming
              (2 damage)
             ... on level 4 of the Dungeon on Mar 4, 2019.
             The game lasted 00:08:30 (3765 turns).

LLavrengius the Vexing (Vampire Enchanter)          Turns: 3765, Time: 00:08:31

Health: -1/35      AC:  2    Str:  7    XL:     5   Next: 16%
Magic:  8/8        EV: 13    Int: 18    God:
Gold:   207        SH:  0    Dex: 15    Spells: 2/8 levels left

rFire    . . .     SeeInvis +   m - +1 rapier (drain)
rCold    + + .     Gourm    .   (no shield)
rNeg     + + +     Faith    .   b - +0 robe
rPois    ∞         Spirit   .   (no helmet)
rElec    .         Reflect  .   (no cloak)
rCorr    .         Harm     .   (no gloves)
MR       .....                  (no boots)
Stlth    +++++.....             (no amulet)
HPRegen  0.00/turn              (no ring)
MPRegen  0.11/turn              (no ring)

@: bloodless, non-regenerating
A: fangs 3, see invisible, unbreathing
a: Bat Form


You were on level 4 of the Dungeon.
You were bloodless.

You visited 1 branch of the dungeon, and saw 4 of its levels.

You collected 207 gold pieces.

Inventory:

Hand Weapons
 a - a +1 dagger
 m - a +1 rapier of draining (weapon)
Armour
 b - a +0 robe (worn)
 h - a +0 buckler
Wands
 k - a wand of iceblast (18)
 n - a wand of polymorph (5)
Scrolls
 c - 4 scrolls of teleportation {unknown}
 f - a scroll of immolation {unknown}
 g - 2 scrolls of identify {unknown}
 j - 5 scrolls of remove curse {unknown}
 p - 3 scrolls of magic mapping {unknown}
 t - 2 scrolls of amnesia {unknown}
Potions
 d - 23 potions of blood
 e - a potion of lignification {unknown}
 i - a potion of magic {unknown}
 l - a potion of mutation {unknown}
 o - 2 potions of haste {unknown}
 q - a potion of agility {unknown}
 r - a potion of curing {unknown}
 s - a potion of heal wounds {unknown}
 u - a potion of might {unknown}


   Skills:
 + Level 0.0 Fighting
 + Level 2.6 Short Blades
 - Level 2.1 Dodging
 + Level 6.2 Stealth
 - Level 2.0 Spellcasting
 + Level 6.7 Hexes


You had 2 spell levels left.
You knew the following spells:

 Your Spells              Type           Power        Failure   Level  Hunger
a - Corona                Hex            ####...      1%          1    #......
b - Ensorcelled Hibernat  Hex/Ice        ##....       7%          2    ###....
c - Confuse               Hex            ####....     3%          3    ###....

Your spell library contained the following spells:

 Spells                   Type           Power        Failure   Level  Hunger
 Tukima's Dance           Hex            ####....     3%          3    ###....
 Dazzling Spray           Conj/Hex       ##....       14%         3    ###....


Dungeon Overview and Level Annotations

Branches:
Dungeon (4/15)
 Temple: D:4-7

Altars:

Annotations:
D:4 Blork the orc, Sigmund


Innate Abilities, Weirdness & Mutations

You do not heal naturally.
You are immune to poison.
You have razor-sharp teeth.
You have supernaturally acute eyesight. (SInv)
You can survive without breathing.


Message History

Sigmund completely misses you.
You hit Sigmund but do no damage.
Sigmund is almost dead.
Blork the orc looks encouraged for a moment.
Sigmund hits you with a +4 scythe of flaming.
Sigmund burns you.
You are too injured to fight recklessly!
You are too injured to fight recklessly!
You are too injured to fight recklessly!
You hit Sigmund. Your bite misses Sigmund.
Sigmund is almost dead.
Sigmund points at you and mumbles some strange words.
The magic dart hits you!
* * * LOW HITPOINT WARNING * * *
You barely miss Sigmund.
Sigmund is almost dead.
Sigmund hits you with a +4 scythe of flaming!
* * * LOW HITPOINT WARNING * * *
Sigmund burns you.
You die...

......# .......##
.≈≈≈....#
≈≈≈≈≈...####
≈...≈≈.....###
≈.>.≈≈.......#
≈..o≈≈.....#.#
≈≈≈≈≈...####.#
.≈≈≈...@###..#####
......@##.<.)......
......# ###########
#...## ####


You could see Blork the orc and Sigmund (invisible).

Vanquished Creatures
  A scorpion (D:3)
  4 adders
  An ooze (D:1)
  A worm (D:2)
  A leopard gecko (D:2)
  2 orcs (D:3)
  4 giant cockroaches
  8 goblins
  5 hobgoblins
  5 jackals
  10 kobolds
  2 quokkas
  4 ball pythons
  8 bats
  2 frilled lizards
  7 rats
65 creatures vanquished.

Notes
Turn   | Place    | Note
-------+----------+-------------------------------------------
     0 | D:1      | LLavrengius the Vampire Enchanter began the quest for the
                  | Orb.
     0 | D:1      | Reached XP level 1. HP: 13/13 MP: 3/3
   129 | D:1      | Reached skill level 5 in Hexes
   198 | D:1      | Reached XP level 2. HP: 2/19 MP: 5/5
   499 | D:1      | Learned a level 2 spell: Ensorcelled Hibernation
  1505 | D:1      | Reached skill level 5 in Stealth
  1511 | D:1      | Reached XP level 3. HP: 15/24 MP: 6/6
  1912 | D:2      | HP: 1/24 [quokka (2)]
  2704 | D:2      | Reached XP level 4. HP: 30/30 MP: 7/7
  3291 | D:3      | Reached XP level 5. HP: 26/35 MP: 1/8
  3421 | D:3      | Learned a level 3 spell: Confuse
  3750 | D:4      | Noticed Sigmund
  3752 | D:4      | Noticed Blork the orc
  3765 | D:4      | HP: 1/35 [Sigmund/+4 scythe of flaming (7)]
  3765 | D:4      | Slain by Sigmund

Skill      XL: |  1  2  3  4 |
---------------+-------------+-----
Hexes          | 5 6 |  6.7
Stealth        | 5 6 |  6.2
Short Blades   | 2 |  2.6
Dodging        | |  2.1
Spellcasting   | |  2.0

Action                   |  1- 3 |  4- 6 || total
-------------------------+-------+-------++-------
Melee: Dagger            |   125 |    54 ||   179
       Bite              |     3 |     2 ||     5
       Rapier            |       |    23 ||    23
 Cast: Corona            |     1 |       ||     1
       Ensorcelled Hiber |     2 |     6 ||     8
  Use: Potion            |     1 |       ||     1
 Stab: Sleeping          |    17 |    20 ||    37
Armor: Robe              |    28 |    12 ||    40
Dodge: Dodged            |    84 |    30 ||   114
